 Dungeon Crawl Stone Soup version 0.23.1-37-gaa34b87 (webtiles) character file.

Game seed: 13325385681979133072

98 Strangeness the Covered (level 4, -2/37 HPs)
             Began as a Barachi Fighter on Mar 21, 2019.
             Was an Initiate of Uskayaw.
             Killed from afar by Crazy Yiuf (10 damage)
             ... with a wand of flame (20)
             ... on level 2 of the Dungeon.
             The game lasted 00:04:02 (2491 turns).

Strangeness the Covered (Barachi Fighter)           Turns: 2491, Time: 00:04:03

Health: -2/37      AC:  8    Str: 18    XL:     4   Next: 69%
Magic:  1/4        EV:  7    Int:  8    God:    Uskayaw [......]
Gold:   111        SH:  9    Dex: 12    Spells: 3/3 levels left

rFire    . . .     SeeInvis .   a - +0 long sword
rCold    . . .     Gourm    .   c - +0 shield
rNeg     . . .     Faith    .   b - +0 scale mail
rPois    .         Spirit   .   h - +0 helmet
rElec    .         Reflect  .   (no cloak)
rCorr    .         Harm     .   (no gloves)
MR       .....                  (no boots)
Stlth    ..........             (no amulet)
HPRegen  0.12/turn              (no ring)
MPRegen  0.09/turn              (no ring)

@: lethally poisoned (-2 -> -4), lightly drained, slow
A: +LOS, swims, slowness 1, strong legs 1
a: Hop, Renounce Religion


You were on level 2 of the Dungeon.
You worshipped Uskayaw.
Uskayaw was noncommittal.
You were not hungry.

You visited 1 branch of the dungeon, and saw 2 of its levels.

You collected 111 gold pieces.

Inventory:

Hand Weapons
 a - a +0 long sword (weapon)
Missiles
 l - 22 stones (quivered)
Armour
 b - a +0 scale mail (worn)
 c - a +0 shield (worn)
 h - a +0 helmet (worn)
Scrolls
 g - a scroll of random uselessness {unknown}
 i - a scroll of enchant armour {unknown}
 j - 2 scrolls of identify {unknown}
Potions
 d - a potion of might
 e - 3 potions of curing {unknown}
 k - a potion of mutation {unknown}
 m - a potion of brilliance {unknown}
Comestibles
 f - 6 rations


   Skills:
 + Level 4.1(3.8) Fighting
 + Level 3.6(3.3) Long Blades
 + Level 4.3(4.0) Armour
 + Level 1.0(0.7) Dodging
 + Level 0.1(0.0) Stealth
 + Level 4.0(3.7) Shields


You had 3 spell levels left.
You didn't know any spells.
Your spell library contained the following spells:

 Spells                   Type           Power        Failure   Level  Hunger
 Beastly Appendage        Tmut           #.....       99%         1    ##.....
 Sticks to Snakes         Tmut           #.......     100%        2    ###....
 Spider Form              Tmut/Pois      #.........   100%        3    ####...
 Ice Form                 Ice/Tmut       #.......     100%        4    #####..
 Blade Hands              Tmut           #.........   100%        5    ######.


Dungeon Overview and Level Annotations

Branches:
Dungeon (2/15)

Altars:
Uskayaw

Annotations:
D:2 Crazy Yiuf


Innate Abilities, Weirdness & Mutations

Shadows flee at your approach. (+LOS)
You can swim through water.
You cover ground slowly.
You can hop short distances.


Message History

* * * LOW HITPOINT WARNING * * *
You hit Crazy Yiuf.
Crazy Yiuf is moderately wounded.
Crazy Yiuf hits you with a +2 quarterstaff of chaos.
* * * LOW HITPOINT WARNING * * *
You are poisoned.
You closely miss Crazy Yiuf.
Crazy Yiuf is moderately wounded.
You feel sick. Crazy Yiuf barely misses you.
You closely miss Crazy Yiuf.
Crazy Yiuf is moderately wounded.
You feel sick.
Crazy Yiuf grits, "Gnoll!"
You block Crazy Yiuf's attack.
You stomp with the beat, sending a shockwave through the revelers around you!
Crazy Yiuf is severely wounded.
You feel somewhat more hungry.
You can no longer stomp with the beat.
Crazy Yiuf zaps a wand.
The puff of flame hits you!
You die...

#.#.# #..).#
#.#)# ♣....♣
....# ♣♣)..♣
#.### ♣♣.♣♣
#.# ♣♣.♣ #.#
##### ♣.♣♣
#.# #...####
♣♣.♣ #.#
#......#
♣.♣♣ #.#
#...#### #@#
#.####.##
#.g.#
#...##.#####
#...#
#..........#
#)..#
###.#####.##
##### #.#
#.# #.#
#.#### #.#
#.##.# ###.#
#.##.#


You could see Crazy Yiuf.

Vanquished Creatures
  Robin (D:2)
  4 adders (D:2)
  A worm (D:2)
  2 dart slugs (D:2)
  15 goblins
  3 hobgoblins
  A quokka (D:2)
  2 ball pythons (D:1)
  6 bats
  3 kobolds
  6 rats
44 creatures vanquished.

Notes
Turn   | Place    | Note
-------+----------+-------------------------------------------
     0 | D:1      | Strangeness the Barachi Fighter began the quest for the
                  | Orb.
     0 | D:1      | Reached XP level 1. HP: 18/18 MP: 1/1
   329 | D:1      | Reached XP level 2. HP: 19/25 MP: 2/2
  1102 | D:2      | Reached XP level 3. HP: 26/30 MP: 3/3
  1573 | D:2      | Noticed Robin
  1602 | D:2      | Killed Robin
  1620 | D:2      | Reached skill level 1 in Dodging
  1620 | D:2      | Reached XP level 4. HP: 14/37 MP: 4/4
  1844 | D:2      | Found a hide-covered altar of Uskayaw.
  1875 | D:2      | Became a worshipper of Uskayaw the Reveler
  1888 | D:2      | Reached * piety under Uskayaw
  2474 | D:2      | Found a runed translucent door.
  2475 | D:2      | Noticed Crazy Yiuf
  2491 | D:2      | Killed from afar by Crazy Yiuf

Skill      XL: |  1  2  3  4 |
---------------+-------------+-----
Armour         | 4 |  4.3
Long Blades    | 3 |  3.6
Fighting       | 4 |  4.1
Dodging        | 1 |  1.0
Shields        | 4 |  4.0
Stealth        | |  0.1

Action                   |  1- 3 |  4- 6 || total
-------------------------+-------+-------++-------
Melee: Long sword        |   131 |    60 ||   191
Throw: Stone             |       |     6 ||     6
Invok: Stomp             |       |     1 ||     1
 Abil: Hop               |     1 |       ||     1
  Eat: Chunk             |     3 |     3 ||     6
Armor: Scale mail        |    73 |    42 ||   115
Dodge: Dodged            |    48 |    33 ||    81
Block: Shield            |    93 |    46 ||   139
       Rpst.: Long sword |    16 |     6 ||    22
